 Dungeon Sprint DCSS version 0.29-a0-824-gd827844252 (webtiles) character file.

Game seed: 7364701619945070281

1583 mhtbhm the Grappler (level 8, -10/84 HPs)
             Began as a Troll Transmuter on July 10, 2022.
             Was a Believer of Makhleb.
             Shot with an arrow by a centaur warrior (16 damage)
             ... in the Dungeon (Sprint IX: "|||||||||||||||||||||||||||||").
             The game lasted 00:01:28 (256 turns).

mhtbhm the Grappler (Troll Transmuter)               Turns: 256, Time: 00:01:28

Health: -10/84     AC:  7    Str: 21    XL:     8   Next: 60%
Magic:  8/14       EV: 12    Int:  9    God:    Makhleb [**....]
Gold:   0          SH:  0    Dex: 13    Spells: 7/17 levels left

rFire   x . .      SeeInvis .     - Unarmed
rCold   + + +      Faith    .   (shield currently unavailable)
rNeg    . . .      Spirit   .   (body armour currently unavailable)
rPois   +          Reflect  .   (helmet currently unavailable)
rElec   .          Harm     .   (cloak currently unavailable)
rCorr   .          Rampage  .   (gloves unavailable)
Will    .....      NoTele   +   (boots unavailable)
Stlth   +.........              (no amulet)
HPRegen 1.04/turn               l - +3 ring of dexterity
MPRegen 0.14/turn               m - +2 ring of protection

@: ice-form, wereblooded
A: freezing attack, amphibious, boosted hp, large, unfitting armour, (claws 3),
regeneration 1, (shaggy fur 1), (tough skin 1)
a: End Transformation, Renounce Religion, Minor Destruction


You were in the Dungeon.
You worshipped Makhleb.
Makhleb was pleased with you.
You were a creature of crystalline ice.
You visited 1 branch

Inventory:

Armour
 a - a +0 robe (melded)
 k - a +0 cloak (melded)
Jewellery
 l - a +3 ring of dexterity (left front paw)
 m - a +2 ring of protection (right front paw)
Wands
 j - a wand of acid (9)
Scrolls
 h - 2 scrolls of blinking
 i - 2 scrolls of amnesia
Potions
 c - 5 potions of curing
 d - 2 potions of heal wounds
 e - a potion of haste
 f - 4 potions of magic
 g - a potion of invisibility


   Skills:
 + Level 1.0 Fighting
 + Level 6.7 Dodging
 + Level 14.5 Unarmed Combat
 + Level 5.1 Spellcasting
 + Level 5.5 Transmutations


You had 7 spell levels left.
You knew the following spells:

 Your Spells              Type           Power      Damage    Failure   Level
a - Beastly Appendage     Tmut           24%        N/A       2%          1
b - Wereblood             Tmut           12%        N/A       3%          2
c - Spider Form           Tmut/Pois      7%         N/A       24%         3
d - Ice Form              Ice/Tmut       7%         N/A       61%         4

Your spell library contained the following spells:

 Spells                   Type           Power      Damage    Failure   Level


Dungeon Overview and Level Annotations

Branches:
Dungeon (1/1)

Altars:
Cheibriados
Dithmenos
Elyvilon
Fedhas
Gozag
Hepliaklqana
Kikubaaqudgha
Makhleb
Nemelex Xobeh
Okawaru
Qazlal
Ru
Sif Muna
Trog
Uskayaw
Vehumet
Wu Jian
Xom
Yredelemnul
Zin
The Shining One
Jiyva
Lugonu


Innate Abilities, Weirdness & Mutations

You are a creature of crystalline ice.
You have a powerful freezing melee attack.
You are amphibious.
Your maximum health is increased.
Your armour is entirely melded.
You are incapable of wielding weapons or throwing items.
You are too large for most types of armour.
((You have claws for hands.))
Your natural rate of healing is unusually fast.
((You are covered in fur. (AC +1)))
((You have tough skin. (AC +1)))


Message History

The centaur warrior is heavily wounded.
The centaur warrior hits you! The centaur warrior closely misses you.
You hit the centaur warrior. You freeze the centaur warrior.
The centaur warrior is heavily wounded.
The centaur warrior closely misses you. The centaur warrior misses you.
You hit the centaur warrior. You freeze the centaur warrior.
The centaur warrior is severely wounded.
The centaur warrior hits you but does no damage.
The centaur warrior barely misses you.
You hit the centaur warrior. You freeze the centaur warrior.
The centaur warrior is severely wounded.
The centaur warrior hits you.
The centaur warrior kicks you but does no damage.
The deep elf pyromancer casts a spell.
The deep elf pyromancer blinks!
You pummel the centaur warrior!! You freeze the centaur warrior.
You feel a bit better.
You kill the centaur warrior!
Makhleb accepts your kill.
You feel better.
The centaur warrior wields a +0 shortbow.
The centaur warrior shoots an arrow.
The arrow hits you!
The howler monkey hoots and howls with incredible vigour!
Your Fighting skill increases to level 1!
Your Unarmed Combat skill increases to level 14!
Your Spellcasting skill increases to level 5!
Unknown command.
The centaur warrior shoots an arrow.
The arrow hits you!
The deep elf pyromancer casts a spell at you.
The bolt of fire hits you!! The fire burns you terribly!
* * * LOW HITPOINT WARNING * * *
The centaur warrior shoots an arrow.
The arrow hits you!
* * * LOW HITPOINT WARNING * * *
There is an open door, spattered with blood here.
Things that are here:
a +0 shortbow; a centaur corpse The deep elf pyromancer casts a spell.
The deep elf pyromancer blinks!
The centaur warrior shoots an arrow.
The arrow hits you!
You die...

▓'▓
▓)▓
▓§▓
▓.▓
▓.▓
▓.▓
▓.▓
▓e▓
▓Y▓
▓.▓
▓c▓
▓D▓
▓H▓
▓h▓
▓+▓


You could see a seven-headed hydra, a centaur warrior, a manticore, a deep elf
pyromancer and a howler monkey (catching breath).

Vanquished Creatures
  A centaur warrior (D)
  A gargoyle (D)
  A troll (D)
  2 yaks (D)
  A centaur (D)
  A killer bee (D)
  A jelly (D)
  An orc wizard (D)
  An adder (D)
  An ufetubus (D)
  2 dart slugs (D)
  An endoplasm (D)
  A giant cockroach (D)
  A goblin (D)
  A rat (D)
17 creatures vanquished.

Notes
Turn   | Place    | Note
-------+----------+-------------------------------------------
     0 | D        | mhtbhm the Troll Transmuter began the quest for the Orb.
     0 | D        | Reached XP level 1. HP: 18/18 MP: 1/1
    16 | D        | Reached skill level 4 in Unarmed Combat
    30 | D        | Noticed a centaur
    30 | D        | Noticed a jelly
    34 | D        | Reached XP level 2. HP: 26/26 MP: 3/3
    36 | D        | Killed a centaur
    37 | D        | Reached skill level 7 in Unarmed Combat
    37 | D        | Reached XP level 3. HP: 32/32 MP: 3/5
    37 | D        | Reached XP level 4. HP: 40/40 MP: 3/6
    43 | D        | Reached skill level 8 in Unarmed Combat
    43 | D        | Reached XP level 5. HP: 46/46 MP: 3/8
    46 | D        | Found a snail-covered altar of Cheibriados.
    46 | D        | Found a shadowy altar of Dithmenos.
    46 | D        | Found a white marble altar of Elyvilon.
    46 | D        | Found a blossoming altar of Fedhas.
    46 | D        | Found an opulent altar of Gozag.
    47 | D        | Found a hazy altar of Hepliaklqana.
    51 | D        | Learned a level 2 spell: Wereblood
    55 | D        | Learned a level 3 spell: Spider Form
    76 | D        | Found a viscous altar of Jiyva.
    77 | D        | Found an ancient bone altar of Kikubaaqudgha.
    78 | D        | Found a corrupted altar of Lugonu.
    79 | D        | Found a burning altar of Makhleb.
    80 | D        | Found a sparkling altar of Nemelex Xobeh.
    81 | D        | Found an iron altar of Okawaru.
    82 | D        | Found a stormy altar of Qazlal.
    83 | D        | Found a sacrificial altar of Ru.
    84 | D        | Found a shimmering blue altar of Sif Muna.
    85 | D        | Found a bloodstained altar of Trog.
    86 | D        | Found a hide-covered altar of Uskayaw.
    87 | D        | Found a radiant altar of Vehumet.
    88 | D        | Found an ornate altar of the Wu Jian Council.
    89 | D        | Found a shimmering altar of Xom.
    90 | D        | Found a basalt altar of Yredelemnul.
    91 | D        | Found a glowing silver altar of Zin.
   104 | D        | Found a glowing golden altar of the Shining One.
   119 | D        | Became a worshipper of Makhleb the Destroyer
   160 | D        | Noticed a gargoyle
   160 | D        | Noticed a troll
   160 | D        | Noticed a yak
   160 | D        | Noticed a yak
   172 | D        | Killed a gargoyle
   173 | D        | Reached skill level 11 in Unarmed Combat
   173 | D        | Reached XP level 6. HP: 38/54 MP: 5/10
   178 | D        | Killed a troll
   179 | D        | Reached skill level 5 in Dodging
   179 | D        | Reached skill level 12 in Unarmed Combat
   179 | D        | Reached XP level 7. HP: 52/61 MP: 6/12
   180 | D        | Reached * piety under Makhleb
   184 | D        | Killed a yak
   188 | D        | Killed a yak
   188 | D        | Reached ** piety under Makhleb
   189 | D        | Reached skill level 13 in Unarmed Combat
   189 | D        | Reached skill level 5 in Transmutations
   189 | D        | Reached XP level 8. HP: 68/68 MP: 7/13
   246 | D        | Learned a level 4 spell: Ice Form
   248 | D        | Noticed a centaur warrior
   248 | D        | Noticed a deep elf pyromancer
   248 | D        | Noticed a centaur warrior
   248 | D        | Noticed a seven-headed hydra
   248 | D        | Noticed a manticore
   254 | D        | Killed a centaur warrior
   255 | D        | Reached skill level 1 in Fighting
   255 | D        | Reached skill level 14 in Unarmed Combat
   255 | D        | Reached skill level 5 in Spellcasting
   256 | D        | Shot with an arrow by a centaur warrior

Illustrated notes

Levels and vault maps discovered:
D:        linesprint [early_d, line_temple, items_1, d_10, items_2, lair_1,
          lair_end, items_3, orc_1, orc_end, items_4, d_15, swamp_1, shoals_1,
          snake_1, spider_1, d_20, vaults_1, items_5, swamp_end, shoals_end,
          snake_end, spider_end, vaults_end, d_27, items_6, zot_1, zot_end,
          crypt_end, forest_end, elf_end, slime_end, tomb_end, abyss_end,
          pan_hell_end]

Skill      XL: |  1  2  3  4  5  6  7  8 |
---------------+-------------------------+-----
Dodging        | 2 3 4 5 6 |  6.7
Unarmed Combat | 4 7 8 11 12 13 14 | 14.5
Spellcasting   | 2 3 4 5 |  5.1
Transmutations | 2 4 5 |  5.5
Fighting       | 1 |  1.0

Action                   |  1- 3 |  4- 6 |  7- 9 || total
-------------------------+-------+-------+-------++-------
Melee: Unarmed           |    14 |    20 |    13 ||    47
       Punch             |       |     1 |     2 ||     3
       Kick              |       |     1 |       ||     1
 Cast: Wereblood         |       |     1 |     1 ||     2
       Beastly Appendage |       |     1 |       ||     1
       Ice Form          |       |       |     1 ||     1
Evoke: Wand              |       |       |     1 ||     1
  Use: Potion            |     1 |     2 |       ||     3
Armor: Robe              |     2 |     2 |       ||     4
       Skin              |       |    13 |     5 ||    18
Dodge: Dodged            |     4 |     5 |     5 ||    14

Table legend: (Time is in decaauts)
 A = Elapsed time spent in this place.
 B = Non-inter-level travel time spent in this place.
 C = Inter-level travel time spent in this place.
 D = Time resting spent in this place.
 E = Time spent auto-exploring this place.
 F = Levels seen in this place.
 G = Mean time per level.
                   A        B        C        D        E       F      G
               +--------+--------+--------+--------+--------+-----+--------+
         Total |    253 |    253 |      0 |     53 |     29 |   1 |  253.0 |
       Dungeon |    253 |    253 |      0 |     53 |     29 |   1 |  253.0 |
               +--------+--------+--------+--------+--------+-----+--------+

Top non-repeatable levels by time:
       D: 253 daAuts
